 Dungeon Crawl Stone Soup version 0.26.0-16-gc1dbca0489 (webtiles) character file.

Game seed: 450670482575144836

66317 hatsuma the Severer (level 14, -6/132 HPs)
             Began as a Minotaur Berserker on Jan 17, 2021.
             Was the Champion of Trog.
             Killed from afar by a raiju (23 damage)
             ... with a living lightning
             ... on level 12 of the Dungeon.
             The game lasted 02:18:07 (26471 turns).

hatsuma the Severer (Minotaur Berserker)           Turns: 26471, Time: 02:18:09

Health: -6/132     AC: 24    Str: 22    XL:     14   Next: 78%
Magic:  4/4        EV: 18    Int:  5    God:    Trog [******]
Gold:   2093       SH:  0    Dex: 20    Spells: 13/13 levels left

rFire    + + .     SeeInvis .   a - +3 executioner's axe (antimagic)
rCold    x . .     Faith    .   (shield currently unavailable)
rNeg     . . .     Spirit   .   B - +0 fire dragon scales
rPois    .         Reflect  .   (helmet restricted)
rElec    .         Harm     .   w - +2 cloak
rCorr    .         Rampage  .   i - +2 pair of gloves
Will     +....                  (no boots)
Stlth    ..........             E - amulet of regeneration
HPRegen  0.72/turn              H - +6 ring of dexterity
MPRegen  0.09/turn              F - +4 ring of protection

@: no status effects
A: retaliatory headbutt, horns 2
a: Renounce Religion, Berserk, Trog's Hand, Brothers in Arms


You were on level 12 of the Dungeon.
You worshipped Trog.
Trog was exalted by your worship.
You visited 3 branches of the dungeon, and saw 21 of its levels.
You also visited: Bailey.

You collected 2802 gold pieces.
You spent 709 gold pieces at shops.

Inventory:

Hand Weapons
 a - a +3 antimagic executioner's axe (weapon)
 b - a +0 arbalest
Missiles
 l - 514 stones
 y - 17 bolts
 G - 142 sling bullets
Armour
 i - a +2 pair of gloves (worn)
 w - a +2 cloak (worn)
 B - +0 fire dragon scales (worn)
Jewellery
 c - an uncursed ring of positive energy
 d - an uncursed ring of willpower
 n - an uncursed ring of stealth
 E - an amulet of regeneration (around neck)
 F - a +4 ring of protection (right hand)
 H - a +6 ring of dexterity (left hand)
Wands
 f - a wand of polymorph (9)
 s - a wand of flame (19)
 z - a wand of iceblast (8)
 I - a wand of acid (17)
 N - a wand of disintegration (24)
 O - a wand of random effects (6)
 R - a wand of paralysis (9)
 S - a wand of digging (3)
Scrolls
 e - 7 scrolls of remove curse
 g - 3 scrolls of fog
 p - 9 scrolls of teleportation
 t - 2 scrolls of magic mapping
 C - 3 scrolls of blinking
 D - 6 scrolls of fear
 J - 2 scrolls of brand weapon
 L - a scroll of summoning {unknown}
 T - a scroll of immolation {unknown}
Potions
 h - a potion of might {unknown}
 j - a potion of resistance {unknown}
 k - 2 potions of ambrosia
 m - 8 potions of curing
 o - a potion of haste
 r - 4 potions of mutation
 u - 8 potions of heal wounds
 v - a potion of flight {unknown}
 x - 4 potions of cancellation
 A - 3 potions of degeneration
 K - 3 potions of attraction
 P - a potion of invisibility {unknown}
 Q - 4 potions of lignification


   Skills:
 - Level 14.0 Fighting
 - Level 20.0 Axes
 + Level 13.7 Armour
 - Level 10.4 Dodging
 - Level 4.1 Evocations


You had 13 spell levels left.
You didn't know any spells.
Your spell library was empty.

Dungeon Overview and Level Annotations

Branches:
Dungeon (13/15)            Temple (0/1) D:7            Lair (6/6) D:9
 Shoals (0/4) Lair:2       Spider (0/4) Lair:4        Slime (0/5) Lair:6
    Orc (2/2) D:12            Elf (0/3) Orc:2        Bailey (visited)
 Vaults: D:13-14

Altars:
Cheibriados
Fedhas
Hepliaklqana
Nemelex Xobeh
Sif Muna
Uskayaw
Wu Jian
Xom
Jiyva

Shops:
D:12 }   Orc:1 (   Orc:2 (::*!?:*

Annotations:
D:10 2 transporters, ThatOtherGuy53's ghost, novice GrFi
Lair:1 exclusion: 3 oklob plants


Innate Abilities, Weirdness & Mutations

You reflexively headbutt those who attack you in melee.
You have a pair of horns on your head.


Message History

The living lightning hits you!
* * * LOW HITPOINT WARNING * * *
The raiju blinks!
The raiju bursts into living lightning!
The living lightning hits you!
* * * LOW HITPOINT WARNING * * *
The raiju blinks! x2
There is a stone staircase leading up here.
The raiju misses you. You furiously retaliate!
You headbutt the raiju. The raiju bites you but does no damage.
The raiju closely misses you. You furiously retaliate!
You headbutt the raiju.
You climb upwards.
There is a stone staircase leading down here.
You slash the raiju!
The raiju's magic leaks into the air.
Your headbutt misses the raiju.
The raiju is heavily wounded.
You closely miss the raiju. x2
The raiju bursts into living lightning!
The living lightning hits you!!
You die...

.....................#########...
###'###))........................
......#)########.................
......#<#......#..........#######
......#.#......#..........# #
#######.'......#..........# #
........#......#........<.# ##
........########hh........# #.
...............h@.........# #.
...........########.......######.
#####......'......#..............
# #......##.....#.............. #
#.......#.....#......#######. #
#.>.....#.....#......# #.
#####.......#.....#......# #.
............#.....###....# #.
............#.......#.!..#######.


You could see 3 raiju.

Vanquished Creatures
  An orc warlord (Orc:1)
  A fire dragon (Lair:6)
  Erolcha (D:12)
  10 hydras
  A boulder beetle (D:12)
  6 death yaks
  3 orc high priests (Orc:2)
  Urug (Lair:4)
  A shock serpent (D:13)
  2 fire crabs
  An unseen horror (D:10)
  2 ugly things (D:11)
  4 orc knights (Orc:2)
  4 orc sorcerers
  An oklob plant (Lair:4)
  2 cyclopes (D:12)
  5 black mambas
  A manticore (D:11)
  12 elephants
  A merfolk siren (Lair:2)
  A centaur zombie (D:12)
  3 molten gargoyles (Lair:6)
  12 cane toads
  A gargoyle (D:12)
  7 komodo dragons
  A kobold demonologist (D:11)
  5 rime drakes
  3 trolls (Orc:1)
  3 polar bears
  A tengu conjurer (D:10)
  2 jumping spiders (Lair:4)
  2 raiju (D:13)
  19 blink frogs
  6 slime creatures (D:12)
  3 redbacks (Lair:4)
  13 wyverns
  6 basilisks
  41 yaks
  A steam dragon (Lair:6)
  An acid dragon (D:12)
  A soldier ant (D:12)
  19 water moccasins
  4 hell hounds (Lair:6)
  3 wargs
  23 orc warriors
  3 necrophages
  5 sky beasts
  2 ice beasts
  A black bear (D:10)
  5 wolves (Lair:4)
  4 phantoms
  6 ogres
  A centaur (D:5)
  2 big kobolds
  15 bullfrogs
  A wyvern zombie (D:12)
  3 scorpions
  5 killer bees (D:11)
  4 wights (D:12)
  An electric eel (Lair:5)
  2 bullfrog zombies (D:12)
  2 quasits
  5 lava snakes (Lair:6)
  3 hounds
  18 orc priests
  4 jellies
  Crazy Yiuf (D:7)
  2 bullfrog skeletons
  25 orc wizards
  Jessica (D:3)
  4 iguanas
  Natasha (thrice) (D:4)
  10 worker ants
  A hound skeleton (D:6)
  A gnoll (Bailey)
  A worker ant zombie (D:9)
  19 adders
  2 shadow imps
  2 white imps
  2 oozes
  An ufetubus (D:5)
  An adder skeleton (D:4)
  An adder zombie (D:7)
  3 worms
  3 dart slugs
  11 leopard geckos
  100 orcs
  3 ball pythons
  8 bats
  9 giant cockroaches
  10 goblins
  6 hobgoblins
  10 jackals
  3 quokkas
  2 frilled lizards
  A jackal zombie (D:7)
  23 kobolds
  2 quokka skeletons (D:5)
  8 rats
  9 bushes (Lair:5)
621 creatures vanquished.

Vanquished Creatures (collateral kills)
  An elephant (Lair:4)
  A water moccasin (Lair:4)
2 creatures vanquished.

Vanquished Creatures (others)
  An orc priest (Orc:2)
  2 orc wizards
  34 fungi
  39 plants
76 creatures vanquished.

Grand Total: 699 creatures vanquished

Notes
Turn   | Place    | Note
-------+----------+-------------------------------------------
     0 | D:1      | hatsuma the Minotaur Berserker began the quest for the Orb.
     0 | D:1      | Reached XP level 1. HP: 19/19 MP: 0/0
   150 | D:1      | Reached skill level 4 in Axes
   220 | D:1      | Reached XP level 2. HP: 26/26 MP: 1/1
   338 | D:1      | Reached skill level 5 in Axes
   392 | D:1      | Reached XP level 3. HP: 31/31 MP: 2/2
   481 | D:1      | Reached ** piety under Trog
  1501 | D:2      | Reached XP level 4. HP: 38/39 MP: 3/3
  1528 | D:2      | Found a hide-covered altar of Uskayaw.
  2119 | D:3      | Reached *** piety under Trog
  2151 | D:3      | Noticed Jessica
  2167 | D:3      | Reached skill level 6 in Axes
  2167 | D:3      | Reached XP level 5. HP: 9/47 MP: 4/4
  2197 | D:3      | Killed Jessica
  2205 | D:3      | Reached skill level 7 in Axes
  2463 | D:2      | Upgraded the game from 0.26.0-15-gc6cd9f700b to
                  | 0.26.0-16-gc1dbca0489
  2894 | D:4      | Reached XP level 6. HP: 53/53 MP: 5/5
  2984 | D:4      | Reached skill level 5 in Fighting
  3272 | D:4      | Noticed Natasha
  3276 | D:4      | Killed Natasha
  3323 | D:4      | Noticed Natasha
  3328 | D:4      | Killed Natasha
  3362 | D:4      | Reached **** piety under Trog
  3376 | D:4      | Reached XP level 7. HP: 62/63 MP: 6/6
  3378 | D:4      | Reached skill level 8 in Axes
  3759 | D:4      | Noticed Natasha
  3766 | D:4      | Killed Natasha
  3997 | D:4      | Found a hazy altar of Hepliaklqana.
  4106 | D:5      | Entered Level 5 of the Dungeon
  4106 | D:5      | Found an ornate altar of the Wu Jian Council.
  4152 | D:5      | Reached skill level 1 in Evocations
  4577 | D:5      | Got a creamy pearl robe
  4600 | D:5      | Identified the +1 robe of the King of the Hill {Harm
                  | Stlth+} (You found it on level 5 of the Dungeon)
  4645 | D:5      | Found a sparkling altar of Nemelex Xobeh.
  4725 | D:5      | Reached skill level 9 in Axes
  4725 | D:5      | Reached XP level 8. HP: 41/73 MP: 7/7
  4969 | D:5      | Found a snail-covered altar of Cheibriados.
  5173 | D:6      | Got a smouldering dagger
  5336 | D:6      | Found a shimmering altar of Xom.
  5374 | D:6      | Found a shimmering blue altar of Sif Muna.
  5374 | D:6      | Found a blossoming altar of Fedhas.
  5824 | D:7      | Found a staircase to the Ecumenical Temple.
  5900 | D:7      | Found a runed translucent door.
  5901 | D:7      | Noticed Crazy Yiuf
  5923 | D:7      | Found a sparkling altar of Nemelex Xobeh.
  6558 | D:7      | Reached ***** piety under Trog
  6559 | D:7      | Reached skill level 10 in Fighting
  6610 | D:7      | Reached skill level 5 in Armour
  6814 | D:7      | Killed Crazy Yiuf
  6912 | D:7      | Reached XP level 9. HP: 84/85 MP: 8/8
  7004 | D:8      | Received a gift from Trog
  7176 | D:7      | Reached skill level 10 in Axes
  7903 | D:9      | Found an ornate altar of the Wu Jian Council.
  7920 | D:9      | Reached skill level 11 in Axes
  8028 | D:9      | Found a staircase to the Lair.
  8737 | D:10     | Entered Level 10 of the Dungeon
  8767 | D:10     | Found a flagged portal.
  8780 | Bailey   | Entered a bailey
  8886 | Bailey   | Reached skill level 12 in Axes
  8903 | Bailey   | Found an iron altar of Okawaru.
  8907 | Bailey   | Reached XP level 10. HP: 74/93 MP: 9/9
  9069 | D:10     | Found a transporter.
  9077 | D:10     | Noticed a moth of wrath
  9083 | D:10     | Found a transporter.
  9117 | D:10     | Noticed ThatOtherGuy53's ghost (novice GrFi)
  9220 | D:10     | Killed an unseen horror
  9873 | D:11     | Identified the +6 dagger "Qaareeti" {freeze, Dex+3 Stlth+}
                  | (You found it on level 6 of the Dungeon)
 10097 | D:11     | Noticed a manticore
 10101 | D:11     | Reached skill level 13 in Axes
 10117 | D:11     | Killed a manticore
 10292 | D:11     | Received a gift from Trog
 10400 | D:11     | Reached skill level 14 in Axes
 10519 | D:11     | Noticed a white ugly thing
 10562 | D:11     | Killed a white ugly thing
 10866 | D:11     | Reached XP level 11. HP: 100/100 MP: 10/10
 10878 | D:11     | Noticed a soul eater
 10883 | D:11     | Noticed a white ugly thing
 10915 | D:11     | Killed a white ugly thing
 11083 | Lair:1   | Entered Level 1 of the Lair of Beasts
 11084 | Lair:1   | Noticed a seven-headed hydra
 11091 | Lair:1   | Killed a seven-headed hydra
 11382 | Lair:1   | Got an ivory whip
 11383 | Lair:1   | Identified the cursed +1 whip of Megalomania {venom, +Blink
                  | rF+ rN+} (You found it on level 1 of the Lair of Beasts)
 11416 | Lair:1   | Reached skill level 15 in Axes
 12435 | Lair:1   | Reached skill level 5 in Dodging
 13098 | Lair:1   | Noticed an oklob plant
 13127 | Lair:1   | Noticed an oklob plant
 13128 | Lair:1   | Noticed an oklob plant
 13789 | Lair:2   | Noticed a six-headed hydra
 13881 | Lair:1   | Killed a six-headed hydra
 14488 | Lair:2   | Reached XP level 12. HP: 110/110 MP: 11/11
 14517 | Lair:2   | Found a staircase to the Shoals.
 16085 | Lair:3   | Noticed a four-headed hydra
 16133 | Lair:3   | Killed a four-headed hydra
 16554 | Lair:3   | Reached skill level 10 in Armour
 17572 | Lair:4   | Found a hole to the Spider Nest.
 18041 | Lair:4   | Reached skill level 16 in Axes
 18041 | Lair:4   | Reached XP level 13. HP: 117/122 MP: 12/12
 18768 | Lair:4   | Noticed Urug
 18785 | Lair:4   | Killed Urug
 19460 | Lair:4   | Reached skill level 17 in Axes
 19934 | Lair:4   | Received a gift from Trog
 20184 | Lair:5   | Reached skill level 10 in Dodging
 20586 | Lair:5   | Found a shimmering altar of Xom.
 21434 | Lair:6   | Entered Level 6 of the Lair of Beasts
 21555 | Lair:6   | Got a shimmering great sword
 21569 | Lair:6   | Identified the +5 great sword of the Nexus {vorpal, Int+3}
                  | (You found it on level 6 of the Lair of Beasts)
 21942 | Lair:6   | Reached skill level 18 in Axes
 22228 | Lair:6   | Found a viscous altar of Jiyva.
 22229 | Lair:6   | Found a staircase to the Slime Pits.
 22506 | Lair:6   | Noticed a fire dragon
 22578 | Lair:6   | Found a large runed translucent door.
 22578 | Lair:6   | Found a large runed translucent door.
 22602 | Lair:6   | Reached XP level 14. HP: 129/129 MP: 13/13
 23614 | D:12     | Got a bloodstained ring mail
 23625 | D:12     | Identified the cursed +0 ring mail of Aniak {Will- Str+6
                  | Dex+5} (You found it on level 12 of the Dungeon)
 23684 | D:12     | Found a staircase to the Orcish Mines.
 23729 | D:12     | Reached skill level 19 in Axes
 24001 | D:12     | Noticed Erolcha
 24012 | D:12     | Killed Erolcha
 24175 | D:12     | Found Macruts's Gadget Shoppe.
 24481 | Orc:1    | Entered Level 1 of the Orcish Mines
 24492 | Orc:1    | Noticed an orc warlord
 24511 | Orc:1    | Killed an orc warlord
 24518 | Orc:1    | Received a gift from Trog
 24525 | Orc:1    | Reached skill level 20 in Axes
 24984 | Orc:1    | Found Ziofif's Weapon Shop.
 25022 | Orc:2    | Entered Level 2 of the Orcish Mines
 25338 | Orc:2    | Found Ekoat's General Store.
 25341 | Orc:2    | Reached ****** piety under Trog
 25396 | Orc:2    | Found a staircase to the Elven Halls.
 25453 | Orc:2    | Found Segolibe's Magic Scroll Boutique.
 25454 | Orc:2    | Found Ceufro's Book Shop.
 25457 | Orc:2    | Found Nalung's Distillery.
 26187 | Orc:2    | Found Meoll's Assorted Antiques.
 26187 | Orc:2    | Found Xehytzax's Weapon Emporium.
 26189 | Orc:2    | Found Xoklac's Book Emporium.
 26189 | Orc:2    | Found Mucask's Book Shop.
 26253 | Orc:2    | Bought a +4 ring of protection for 432 gold pieces
 26317 | Orc:2    | Bought a glowing cloak for 277 gold pieces
 26413 | D:13     | Got a ripped robe
 26424 | D:13     | Identified the +1 robe "Emyall" {rC- Int+2 Slay+2} (You
                  | found it on level 13 of the Dungeon)
 26471 | D:12     | Killed from afar by a raiju

Illustrated notes

Levels and vault maps discovered:
D:1:      mrwooster_arrival_statue_2, layout_loops_ring
D:2:      layout_loops_corners, eat_drink_and_be_merry_uskayaw
D:3:      layout_rooms, hangedman_decor_growths, eino_curves_02, uniq_jessica
D:4:      layout_loops_ring, nicolae_overflow_hidden_temple,
          nzn_hepliaklqana_mist_gate, uniq_natasha
D:5:      minmay_bubble_buster, layout_rooms, nemelex_altar_shiori,
          slow_altar_2, lemuel_crystal_altar, st_stairs_13
D:6:      layout_loops_ring, gammafunk_temple_overflow_elements,
          brannock_xom_greatest_gift
D:7:      layout_basic, minmay_temple_entry_mist, basic_altar,
          uniq_crazy_yiuf_cottage
D:8:      layout_rooms
D:9:      layout_loops_corners, lair_entry_dummy, basic_altar,
          minmay_fountain_box
D:10:     layout_big_octagon, enter_bailey_3, serial_column_ruins,
          column_ruins_hut, column_ruins_hut, column_ruins_grid_3,
          column_ruins_open_small, column_ruins_grid_3,
          gammafunk_ghost_berserking_beasts, minivault_20, nrook_mini_vaults
D:11:     layout_gridville, the_bakery
D:12:     layout_irregular_city, orc_0_dummy, serial_shops, shop, uniq_erolcha
D:13:     minmay_shoctagon, layout_irregular_city, basic_altar
Lair:1:   layout_loops_ring, minmay_stone_trees_small,
          minmay_lair_oklob_chamber, grunt_megastairs_4, lemuel_fruit_fields
Lair:2:   layout_regular_city, elwin_shoals_entry_rooms, grunt_megastairs_1,
          serial_bayou_shore_b
Lair:3:   layout_layer_cave
Lair:4:   layout_regular_city, nicolae_spider_entry_tight_spaces, uniq_urug
Lair:5:   layout_long_grid, basic_altar, minmay_hedge_maze, grunt_megastairs_5,
          infiniplex_staircase_pool, serial_bayou_shore_b
Lair:6:   cheibrodos_lair_end_hotspot, layout_regular_city,
          dpeg_slime_entry_enclosed_altar
Orc:1:    layout_caves, serial_shops, shop
Orc:2:    grunt_orc_tribal_feast, layout_caves, serial_shops,
          nicolae_shop_behind_doors, shop, nicolae_shop_stone, shop

Skill      XL: |  1  2  3  4  5  6  7  8  9 10 11 12 13 14 |
---------------+-------------------------------------------+-----
Axes           | 4 5 6 7 9 12 14 15 16 18 20 | 20.0
Armour         | 3 4 5 7 9 12 13 | 13.7
Fighting       | 4 6 7 10 11 13 14 | 14.0
Evocations     | 1 2 4 |  4.1
Dodging        | 8 9 10 | 10.4

Action                   |  1- 3 |  4- 6 |  7- 9 | 10-12 | 13-15 || total
-------------------------+-------+-------+-------+-------+-------++-------
Melee: Hand axe          |    88 |   185 |   353 |       |       ||   626
       Headbutt          |    15 |    28 |    92 |   193 |   190 ||   518
       Battleaxe         |       |       |    80 |   154 |   450 ||   684
       Whip              |       |       |       |   397 |       ||   397
       Flail             |       |       |       |     8 |       ||     8
       Executioner's axe |       |       |       |       |   164 ||   164
 Fire: Arbalest          |       |       |    18 |       |     7 ||    25
Invok: Berserk           |       |     1 |     1 |     3 |     9 ||    14
       Trog's Hand       |       |     1 |       |     1 |       ||     2
       Brothers in Arms  |       |       |       |     1 |       ||     1
  Use: Scroll            |       |     3 |    13 |     9 |    13 ||    38
       Potion            |       |       |       |     1 |       ||     1
 Stab: Sleeping          |     1 |       |       |       |       ||     1
Armor: Animal skin       |    17 |       |       |       |       ||    17
       Chain mail        |     5 |   104 |   224 |   297 |    53 ||   683
       Plate armour      |       |       |       |       |   113 ||   113
       Fire dragon scale |       |       |       |       |    77 ||    77
Dodge: Dodged            |    58 |    86 |   167 |   306 |   378 ||   995
